 Dungeon Sprint DCSS version 0.24-a0-420-g24607be9ce (webtiles) character file.

Game seed: 217642249720267880

43610 wilfster70 the Warrior (level 13, -4/141 HPs)
             Began as a Minotaur Fighter on June 11, 2019.
             Was an Initiate of Gozag.
             Killed from afar by an iron dragon (22 damage)
             ... with a spray of metal splinters
             ... in the Dungeon (Sprint IX: "|||||||||||||||||||||||||||||").
             The game lasted 00:19:45 (4180 turns).

wilfster70 the Warrior (Minotaur Fighter)           Turns: 4180, Time: 00:19:45

Health: -4/141     AC: 35    Str: 25    XL:     13   Next: 91%
Magic:  27/27      EV: 23    Int: 10    God:    Gozag
Gold:   556        SH: 14    Dex: 14    Spells: 32/34 levels left

rFire    . . .     SeeInvis .   a - +4 scimitar (holy)
rCold    . . .     Gourm    .   c - +0 shield
rNeg     . . .     Faith    .   D - +8 chain mail of Vehumet's Pride {rPois}
rPois    +         Spirit   .   (helmet restricted)
rElec    .         Reflect  .   r - +0 cloak
rCorr    .         Harm     .   q - +2 pair of gloves
MR       ++...     NoTele   +   I - +2 pair of boots
Stlth    ..........             (no amulet)
HPRegen  0.33/turn              p - +2 ring of protection
MPRegen  0.20/turn              t - ring of the Mage {Wiz MR++ Int+3}

@: agile, berserk cooldown, very slightly contaminated, invisible
A: retaliatory headbutt, horns 2
a: Potion Petition, Call Merchant, Bribe Branch, Renounce Religion


You were in the Dungeon.
You worshipped Gozag.
Gozag was pleased with you.
You were not hungry.

You visited 1 branch You collected 13536 gold pieces.
You spent 3545 gold pieces at shops.
You paid 9435 gold pieces to Gozag.

Inventory:

Hand Weapons
 a - a +4 scimitar of holy wrath (weapon)
 b - a +2 rapier of venom
Armour
 c - a +0 shield (worn)
 q - a +2 pair of gloves (worn)
 r - a +0 cloak (worn)
 D - the +8 chain mail of Vehumet's Pride (worn) {rPois}
   (You bought it in a shop in the Dungeon)

   It protects you from poison.
 I - a +2 pair of boots (worn)
Jewellery
 p - a +2 ring of protection (left hand)
 t - the ring of the Mage (right hand) {Wiz MR++ Int+3}
   (You bought it in a shop in the Dungeon)

   [ring of wizardry]

   It improves your spell success rate.
   It affects your intelligence (+3).
   It affects your resistance to hostile enchantments.
 E - an uncursed ring of ice
 F - an uncursed ring of poison resistance
 G - an uncursed ring of protection from cold
 H - an uncursed ring of ice
Wands
 o - a wand of iceblast (10)
Scrolls
 k - 4 scrolls of blinking
 m - 8 scrolls of remove curse
 n - 2 scrolls of amnesia
 u - 3 scrolls of fog
 v - 2 scrolls of fear
 x - 5 scrolls of identify
Potions
 d - 4 potions of might
 e - 9 potions of curing
 g - 2 potions of heal wounds
 h - 5 potions of haste
 i - 5 potions of magic
 l - 2 potions of agility
 A - a potion of resistance
 B - a potion of mutation
 C - a potion of lignification
 J - 3 potions of brilliance
Comestibles
 f - 7 rations


   Skills:
 + Level 20.9 Fighting
 - Level 14.6 Long Blades
 + Level 20.9 Armour
 + Level 16.3 Dodging
 - Level 15.0 Shields
 + Level 11.2 Spellcasting
 + Level 4.0 Translocations


You had 32 spell levels left.
You knew the following spells:

 Your Spells              Type           Power        Failure   Level  Hunger
a - Blink                 Tloc           N/A          4%          2    None

Your spell library contained the following spells:

 Spells                   Type           Power        Failure   Level  Hunger
 Teleport Other           Tloc           ##......     9%          3    ##.....
 Sting                    Conj/Pois      #...         16%         1    None
 Passage of Golubria      Tloc           N/A          26%         4    ####...
 Spider Form              Tmut/Pois      #.........   38%         3    ##.....


Dungeon Overview and Level Annotations

Branches:
Dungeon (1/1)

Altars:
Cheibriados
Dithmenos
Elyvilon
Fedhas
Gozag
Hepliaklqana
Kikubaaqudgha
Makhleb
Nemelex Xobeh
Okawaru
Qazlal
Ru
Sif Muna
Trog
Uskayaw
Vehumet
Wu Jian
Xom
Yredelemnul
Zin
The Shining One
Beogh
Jiyva
Lugonu

Shops:
D :[[!?[*=(


Innate Abilities, Weirdness & Mutations

You reflexively headbutt those who attack you in melee.
You have a pair of horns on your head.


Message History

Items here: $ ) [[ 180 gold pieces; a +0 robe; a +0 bardiche; a +0 leather armour The slime creature quivers.
The iron dragon breathes metal splinters at you.
The spray of metal splinters misses you.
Things that are here:
198 gold pieces; 5 large rocks The slime creature quivers.
Things that are here:
198 gold pieces; a +2 battleaxe of freezing The cyan very ugly thing gurgles horribly!
The slime creature quivers.
There is an open door to the Dungeon here.
The slime creature quivers.
You feel yourself speed up.
The slime creature quivers.
The iron dragon breathes metal splinters at you.
The spray of metal splinters hits you!!
You die...
Your body crumbles into a pile of gold.

,*,*,*,*,*,*,*,▓$▓.▓)▓.▓.▓.▓.▓.▓.
,*,*,*,*,*,*,*,▓p▓)▓.▓.▓)▓.▓[▓.▓.
,*,*,*,*+*,*,*,▓H▓.▓.▓.▓)▓.▓)▓.▓'
,*,*,*,*,*,*,*,▓$▓.▓.▓.▓)▓.▓.▓.▓.
,*,*,*,*,*,*,*,▓J▓.▓.▓.▓)▓.▓)▓.▓.
,*,*,*,*,*,*,*,▓$▓.▓)▓.▓)▓.▓)▓.▓.
,*,*,*,*,*,*,*,▓D▓.▓.▓.▓)▓.▓)▓.▓.
,*,*,*,*,*,*,*,▓.▓.▓)▓.▓)▓.▓)▓.▓.
,*,*,*,*,*,*,*,▓@▓.▓'▓.▓)▓.▓.▓.▓.
,*,*,*,*,*,*,*,▓.▓.▓.▓.▓.▓.▓)▓.▓}
,*,*,*,*,*,*,*,▓.▓.▓.▓.▓.▓.▓)▓.▓.
,*,*,*,*,*,*+*,▓.▓.▓.▓)▓.▓.▓.▓.▓.
,*,*,*,*,*,*,*,▓.▓.▓.▓.▓.▓.▓.▓.▓.
,*,*+*,*,*,*,*,▓.▓.▓.▓.▓.▓.▓.▓.▓.
,*,*,*,*,*,*,*,▓.▓.▓.▓.▓'▓.▓.▓.▓.
,*,*,*,*,*,*,*,▓.▓.▓.▓.▓.▓.▓.▓.▓.
+*,*,*,*+*,*,*,▓.▓.▓.▓.▓.▓.▓.▓.▓'


You could see an iron dragon, a sphinx, a slime creature (wandering) and a
wizard.

Vanquished Creatures
  A lich (D)
  Rupert (D)
  An iron dragon (D)
  A frost giant (D)
  Aizul (D)
  An emperor scorpion (D)
  2 stone giants (D)
  Azrael (D)
  A merfolk impaler (D)
  Josephine (D)
  A yaktaur captain (D)
  An ice dragon (D)
  2 ogre magi (D)
  2 naga warriors (D)
  2 spriggan air magi (D)
  A centaur warrior (D)
  A hydra (D)
  An anaconda (D)
  A two-headed ogre (D)
  A merfolk avatar (D)
  A tengu warrior (D)
  2 deep troll earth magi (D)
  Urug (D)
  3 orc high priests (D)
  An unseen horror (D)
  5 orc knights (D)
  A harpy (D)
  An orb spider (D)
  A cyclops (D)
  An orc sorcerer (D)
  2 wolf spiders (D)
  A manticore (D)
  A merfolk siren (D)
  3 black mambas (D)
  3 naga magi (D)
  5 spiny frogs (D)
  A gargoyle (D)
  A rime drake (D)
  A jumping spider (D)
  A merfolk (D)
  A polar bear (D)
  A polar bear (shapeshifter) (D)
  2 bog bodies (D)
  A hornet (D)
  2 tyrant leeches (D)
  3 snapping turtles (D)
  3 blink frogs (D)
  2 hippogriffs (D)
  A redback (D)
  3 wraiths (D)
  2 yaks (D)
  3 tarantellas (D)
  3 fire elementals (D)
  A wyvern (D)
  2 vampire mosquitoes (D)
  3 basilisks (D)
  2 hell hounds (D)
  2 porcupines (D)
  A water moccasin (D)
  3 swamp drakes (D)
  6 orc warriors (D)
  A centaur (D)
  3 crocodiles (D)
  A big kobold (D)
  5 bullfrogs (D)
  A killer bee (D)
  A wight (D)
  A howler monkey (D)
  A quasit (D)
  2 orc priests (D)
  6 orc wizards (D)
  3 worker ants (D)
  2 adders (D)
  An adder zombie (D)
  16 orcs (D)
  A bat (D)
  A bat skeleton (D)
  2 giant cockroaches (D)
  A hobgoblin (D)
  A jackal (D)
  A kobold (D)
158 creatures vanquished.

Vanquished Creatures (others)
  A spriggan (D)
1 creature vanquished.

Grand Total: 159 creatures vanquished

Notes
Turn   | Place    | Note
-------+----------+-------------------------------------------
     0 | D        | wilfster70 the Minotaur Fighter began the quest for the
                  | Orb.
     0 | D        | Reached XP level 1. HP: 19/19 MP: 0/0
    86 | D        | Noticed a howler monkey
    86 | D        | Noticed a worker ant
    86 | D        | Noticed a worker ant
    96 | D        | Killed a worker ant
    96 | D        | Reached skill level 5 in Long Blades
    96 | D        | Reached XP level 2. HP: 28/28 MP: 1/1
    96 | D        | Reached XP level 3. HP: 35/35 MP: 2/2
   100 | D        | Reached skill level 5 in Fighting
   100 | D        | Reached skill level 5 in Armour
   100 | D        | Reached skill level 5 in Shields
   103 | D        | Reached XP level 4. HP: 44/44 MP: 3/3
   146 | D        | Found a roughly hewn altar of Beogh.
   146 | D        | Found a snail-covered altar of Cheibriados.
   146 | D        | Found a shadowy altar of Dithmenos.
   146 | D        | Found a white marble altar of Elyvilon.
   146 | D        | Found a blossoming altar of Fedhas.
   146 | D        | Found an opulent altar of Gozag.
   147 | D        | Found a hazy altar of Hepliaklqana.
   148 | D        | Found a viscous altar of Jiyva.
   149 | D        | Found an ancient bone altar of Kikubaaqudgha.
   150 | D        | Found a corrupted altar of Lugonu.
   151 | D        | Found a burning altar of Makhleb.
   152 | D        | Found a sparkling altar of Nemelex Xobeh.
   153 | D        | Found an iron altar of Okawaru.
   154 | D        | Became a worshipper of Gozag Ym Sagoz the Greedy
   155 | D        | Found a stormy altar of Qazlal.
   156 | D        | Found a sacrificial altar of Ru.
   157 | D        | Found a deep blue altar of Sif Muna.
   158 | D        | Found a bloodstained altar of Trog.
   159 | D        | Found a hide-covered altar of Uskayaw.
   160 | D        | Found a radiant altar of Vehumet.
   161 | D        | Found an ornate altar of the Wu Jian Council.
   162 | D        | Found a shimmering altar of Xom.
   163 | D        | Found a basalt altar of Yredelemnul.
   164 | D        | Found a glowing silver altar of Zin.
   165 | D        | Found a glowing golden altar of the Shining One.
   219 | D        | Noticed a yak
   219 | D        | Noticed a centaur
   230 | D        | Killed a centaur
   230 | D        | Reached XP level 5. HP: 43/52 MP: 4/4
   234 | D        | Killed a yak
   234 | D        | Reached skill level 10 in Long Blades
   234 | D        | Reached XP level 6. HP: 49/61 MP: 5/5
   253 | D        | Killed an unseen horror
   253 | D        | Reached XP level 7. HP: 38/71 MP: 6/6
   410 | D        | Noticed a two-headed ogre
   410 | D        | Noticed a polar bear
   419 | D        | Killed a polar bear
   419 | D        | Reached skill level 10 in Fighting
   419 | D        | Reached skill level 10 in Armour
   419 | D        | Reached skill level 10 in Shields
   419 | D        | Reached XP level 8. HP: 21/79 MP: 7/7
   428 | D        | Killed a two-headed ogre
   720 | D        | Noticed a blink frog
   721 | D        | Noticed a hippogriff
   725 | D        | Reached XP level 9. HP: 89/89 MP: 8/8
   731 | D        | Noticed a spiny frog
   766 | D        | Killed a spiny frog
   787 | D        | Bought the ring of the Mage {Wiz MR++ Int+3} for 775 gold
                  | pieces
   787 | D        | Found the ring of the Mage {Wiz MR++ Int+3}
   794 | D        | Noticed a rime drake
   794 | D        | Noticed a spiny frog
   801 | D        | Killed a spiny frog
   805 | D        | Noticed a polar bear
   805 | D        | Noticed a spiny frog
   817 | D        | Killed a rime drake
   817 | D        | Reached XP level 10. HP: 73/101 MP: 9/9
   829 | D        | Reached skill level 15 in Shields
   834 | D        | Killed a spiny frog
   834 | D        | Reached skill level 1 in Spellcasting
   932 | D        | Noticed a spiny frog
   976 | D        | Killed a spiny frog
  1248 | D        | Noticed Urug
  1259 | D        | Killed Urug
  1259 | D        | Reached skill level 5 in Dodging
  1405 | D        | Noticed an orc knight
  1421 | D        | Killed an orc knight
  1495 | D        | Noticed an orc knight
  1495 | D        | Noticed an orc knight
  1508 | D        | Noticed an orc sorcerer
  1516 | D        | Noticed an orc knight
  1522 | D        | Killed an orc knight
  1522 | D        | Reached skill level 15 in Fighting
  1522 | D        | Reached skill level 15 in Armour
  1522 | D        | Reached XP level 11. HP: 65/112 MP: 16/16
  1531 | D        | Killed an orc knight
  1544 | D        | Killed an orc sorcerer
  1558 | D        | Killed an orc knight
  1558 | D        | Reached skill level 5 in Spellcasting
  1850 | D        | Found Assyih's Assorted Antiques.
  1850 | D        | Noticed an orc high priest
  1850 | D        | Noticed an orc high priest
  1855 | D        | Killed an orc high priest
  1856 | D        | Found Qeever's Armour Shop.
  1864 | D        | Killed an orc high priest
  1865 | D        | Found Gaeneap's Magic Scroll Boutique.
  1873 | D        | Found Colaej's Distillery.
  1877 | D        | Noticed an orc high priest
  1890 | D        | Killed an orc high priest
  1937 | D        | Bought a potion of curing for 75 gold pieces
  1937 | D        | Bought a potion of curing for 75 gold pieces
  1937 | D        | Bought 2 fizzy inky potions for 45 gold pieces
  1941 | D        | Bought a scroll of blinking for 75 gold pieces
  1941 | D        | Bought a scroll of identify for 20 gold pieces
  1941 | D        | Bought a scroll of identify for 20 gold pieces
  1941 | D        | Bought a scroll of blinking for 75 gold pieces
  1941 | D        | Bought a scroll of identify for 20 gold pieces
  1941 | D        | Bought a scroll of identify for 20 gold pieces
  1941 | D        | Bought a scroll of identify for 20 gold pieces
  1941 | D        | Bought a scroll of identify for 20 gold pieces
  1941 | D        | Bought a scroll of magic mapping for 35 gold pieces
  1941 | D        | Bought a scroll of enchant armour for 75 gold pieces
  1943 | D        | Bought a potion of resistance for 100 gold pieces
  1943 | D        | Bought a potion of haste for 100 gold pieces
  1943 | D        | Bought a potion of heal wounds for 50 gold pieces
  1943 | D        | Bought a potion of haste for 100 gold pieces
  1943 | D        | Bought a potion of mutation for 80 gold pieces
  1943 | D        | Bought a potion of might for 40 gold pieces
  1943 | D        | Bought a potion of lignification for 30 gold pieces
  1943 | D        | Bought a potion of magic for 80 gold pieces
  1943 | D        | Bought a potion of might for 40 gold pieces
  1943 | D        | Bought a potion of agility for 40 gold pieces
  1949 | D        | Bought the +8 chain mail of Vehumet's Pride {rPois} for 779
                  | gold pieces
  2145 | D        | Noticed an orc knight
  2148 | D        | Noticed a deep troll earth mage
  2166 | D        | Noticed an ice dragon
  2178 | D        | Noticed a stone giant
  2178 | D        | Killed an orc knight
  2178 | D        | Reached skill level 10 in Dodging
  2184 | D        | Noticed a lich
  2187 | D        | Killed a deep troll earth mage
  2188 | D        | Noticed an ogre mage
  2194 | D        | HP: 1/115 [ice dragon/blast of cold (52)]
  2197 | D        | Killed an ice dragon
  2201 | D        | Killed a stone giant
  2201 | D        | Noticed a centaur warrior
  2209 | D        | Killed a lich
  2209 | D        | Reached XP level 12. HP: 33/125 MP: 20/22
  2211 | D        | Noticed a deep troll earth mage
  2219 | D        | Killed an ogre mage
  2225 | D        | Killed a centaur warrior
  2233 | D        | Killed a deep troll earth mage
  2540 | D        | Noticed Aizul
  2564 | D        | Killed Aizul
  2800 | D        | Noticed Rupert
  2815 | D        | Killed Rupert
  2832 | D        | Noticed Josephine
  2843 | D        | Killed Josephine
  2886 | D        | Noticed a merfolk impaler
  2892 | D        | Noticed a merfolk avatar
  2925 | D        | Killed a merfolk impaler
  2944 | D        | Killed a merfolk avatar
  2944 | D        | Reached XP level 13. HP: 65/137 MP: 3/25
  3253 | D        | Reached skill level 10 in Spellcasting
  3589 | D        | Noticed an emperor scorpion
  3593 | D        | Reached skill level 15 in Dodging
  3636 | D        | Killed an emperor scorpion
  3689 | D        | Bought the Catalogue of Noxious Displacement for 756 gold
                  | pieces
  3693 | D        | Learned a level 2 spell: Blink
  3750 | D        | Noticed Azrael
  3770 | D        | Killed Azrael
  3770 | D        | Reached skill level 1 in Translocations
  4102 | D        | Noticed an iron dragon
  4102 | D        | Noticed a stone giant
  4102 | D        | Noticed a frost giant
  4108 | D        | Killed a frost giant
  4118 | D        | Killed a stone giant
  4120 | D        | Noticed an iron dragon
  4133 | D        | Noticed a sphinx
  4144 | D        | Killed an iron dragon
  4145 | D        | Noticed a cyan very ugly thing
  4161 | D        | HP: 3/141 [iron dragon/spray of metal splinters (32)]
  4180 | D        | Killed from afar by an iron dragon

Levels and vault maps discovered:
D:        linesprint [early_d, line_temple, items_1, d_10, items_2, lair_1,
          lair_end, items_3, orc_1, orc_end, items_4, d_15, swamp_1, shoals_1,
          snake_1, spider_1, d_20, vaults_1, items_5, swamp_end, shoals_end,
          snake_end, spider_end, vaults_end, d_27, items_6, zot_1, zot_end,
          crypt_end, forest_end, elf_end, slime_end, tomb_end, abyss_end,
          pan_hell_end]

Skill      XL: |  1  2  3  4  5  6  7  8  9 10 11 12 13 |
---------------+----------------------------------------+-----
Long Blades    | 5 6 8 10 12 13 14 | 14.6
Fighting       | 4 5 7 8 9 10 11 13 15 17 19 20 | 20.9
Armour         | 4 5 7 8 9 10 11 13 15 17 19 20 | 20.9
Shields        | 4 5 7 8 9 10 11 14 15 | 15.0
Dodging        | 6 11 13 16 | 16.3
Spellcasting   | 4 7 9 11 | 11.2
Translocations | 4 |  4.0

Action                   |  1- 3 |  4- 6 |  7- 9 | 10-12 | 13-15 || total
-------------------------+-------+-------+-------+-------+-------++-------
Melee: Long sword        |    25 |     4 |       |       |       ||    29
       Scimitar          |       |    31 |    74 |   368 |   237 ||   710
       Headbutt          |       |     5 |    16 |    76 |    63 ||   160
       Rapier            |       |       |       |       |     8 ||     8
Invok: Potion Petition   |       |       |     1 |     6 |     3 ||    10
       Call Merchant     |       |       |     2 |       |     3 ||     5
  Use: Potion            |     1 |       |     2 |       |     3 ||     6
       Scroll            |       |       |     4 |     1 |     2 ||     7
 Stab: Distracted        |       |     1 |     1 |     4 |     2 ||     8
       Invisible         |       |       |       |       |     1 ||     1
  Eat: Ration            |       |       |       |     2 |     2 ||     4
Armor: Scale mail        |     5 |     1 |       |       |       ||     6
       Chain mail        |       |    21 |    30 |    41 |   108 ||   200
       Plate armour      |       |       |       |     8 |       ||     8
Dodge: Dodged            |     7 |     8 |    23 |    77 |   101 ||   216
Block: Shield            |    10 |    11 |    43 |   128 |    98 ||   290
       Rpst.: Long sword |     1 |     1 |       |       |       ||     2
       Scimitar          |       |       |     3 |    13 |    14 ||    30

Table legend:
 A = Non-vault XP
 B = Vault XP
 C = Vault XP percentage of total XP
 D = Non-vault monster count
 E = Vault monster count
 F = Vault count percentage of total count
                 A         B        C        D         E       F
            +---------+---------+-------+---------+---------+-------
      Total |       0 |   62300 | 100.0 |       0 |     158 | 100.0
            +---------+---------+-------+---------+---------+-------
          D |       0 |   62300 | 100.0 |       0 |     158 | 100.0
            +---------+---------+-------+---------+---------+-------
